 Dungeon Crawl Stone Soup version 0.18.1-48-g4cf74bf (webtiles) character file.

76 Heedrag the Conjurer (level 4, 0/24 HPs)
             Began as a Deep Elf Conjurer on Aug 13, 2016.
             Succumbed to an adder's poison
             ... on level 2 of the Dungeon.
             The game lasted 00:03:37 (1535 turns).

Heedrag the Conjurer (Deep Elf Conjurer)            Turns: 1535, Time: 00:03:37

Health: 0/24       AC:  3    Str:  9 (10) XL:     4   Next: 12%
Magic:  9/12       EV: 18    Int: 18 (21) God:
Gold:   88         SH:  0    Dex: 17 (20) Spells: 1 memorised, 10 levels left

rFire  + . .     SeeInvis .     l - +1 rapier (speed)
rCold  + . .     Gourm    .     a - +0 robe
rNeg   . . .     Faith    .     (no shield)
rPois  +         Spirit   .     f - +0 helmet
rElec  +         Dismiss  .     (no cloak)
rCorr  +         Reflect  .     (no gloves)
SustAt .         Harm     .     (no boots)
MR     .....                    (no amulet)
Stlth  +++.......               (no ring)
                                (no ring)

@: mighty, agile, lethally poisoned (0 -> -1), resistant, very slightly
contaminated, hasted, very quick, not resistant to hostile enchantments, fairly
stealthy
A: no striking features
a: no special abilities


You were on level 2 of the Dungeon.
You were not hungry.

You visited 1 branch of the dungeon, and saw 2 of its levels.

You collected 90 gold pieces.

Inventory:

Hand Weapons
 d - a +0 hand axe
 l - a +1 rapier of speed (weapon)
Armour
 a - a +0 robe (worn)
 f - a +0 helmet (worn)
Scrolls
 e - 2 scrolls of identify {unknown}
 h - 3 scrolls of recharging {unknown}
 j - a scroll of remove curse {unknown}
 n - a scroll of immolation {unknown}
 v - 3 scrolls of enchant weapon {unknown}
Potions
 k - a potion of brilliance
Books
 b - a book of Conjurations

   Spells                             Type                      Level
   a - Magic Dart                     Conjuration                  1
   b - Searing Ray                    Conjuration                  2
   c - Dazzling Spray                 Conjuration/Hexes            3
   d - Fulminant Prism                Conjuration/Hexes            4
   e - Iskenderun's Mystic Blast      Conjuration                  4
   f - Iskenderun's Battlesphere      Conjuration/Charms           5
Miscellaneous
 u - a plain deck of changes {drawn: 3}
Comestibles
 c - a bread ration
 i - a beef jerky
 r - 7 chunks of flesh


   Skills:
 - Level 2.4 Dodging
 - Level 2.4 Stealth
 + Level 4.3 Spellcasting
 * Level 5.6 Conjurations


You had 10 spell levels left.
You knew the following spells:

 Your Spells              Type           Power        Failure   Level  Hunger
a - Magic Dart            Conj           ###.         1%          1    None


Dungeon Overview and Level Annotations

Branches:
Dungeon (2/15)

Altars:
Nemelex Xobeh
Okawaru


Message History

Thin's tha be 'ere: 2 chunks o' flesh; an adder skeleton Unknown command.
Ye see 'ere 13 gold pieces.
* * * LOW HITPOINT WARNIN'
* * * Ye feel sick.
Thin's tha be 'ere: 2 chunks o' flesh; an adder skeleton Thar be a lethal amount o' poison in yer body!
Ye see 'ere 13 gold pieces.
Ye now haf 88 gold pieces (gain'd 13).
Thin's tha be 'ere: 2 chunks o' flesh; an adder skeleton
r - 7 chunks o' flesh (gain'd 2) Eat which item? (? fer menu, 'sc ta quit) Ye cannae eat tha!
Unknown command.
Thar be a lethal amount o' poison in yer body!
Thar be a lethal amount o' poison in yer body!
Ye die...

#.......###############.
#####'### #. #.# #. #.#
#. #.##### ##. #.#...#
#.. #.#.#.# #..
#)#.#.### #.. #.#@....#
##.. #.#..^..# #...
#..รท....# #...
###.....# #... #.....#
#... ####### #... #...
#... #...


There were no monsters in sight!

Vanquished Creatures
  A gnoll (D:2)
  An adder (D:2)
  A worm (D:2)
  2 dart slugs
  A giant gecko (D:1)
  4 orcs (D:2)
  2 giant cockroaches
  3 goblins
  2 hobgoblins (D:2)
  8 jackals
  3 kobolds
  2 quokkas (D:2)
  7 bats
  A giant newt (D:1)
  6 rats
44 creatures vanquished.

Notes
Turn   | Place    | Note
--------------------------------------------------------------
     0 | D:1      | Heedrag the Deep Elf Conjurer began the quest for the Orb.
     0 | D:1      | Reached XP level 1. HP: 10/10 MP: 6/6
   178 | D:1      | Reached XP level 2. HP: 11/15 MP: 1/8
   406 | D:1      | Reached skill level 5 in Conjurations
  1001 | D:2      | Reached XP level 3. HP: 19/19 MP: 8/10
  1174 | D:2      | Found a sparkling altar of Nemelex Xobeh.
  1257 | D:2      | Drew Focus: Int increased to 20, Str decreased to 5
  1389 | D:2      | Found an iron altar of Okawaru.
  1517 | D:2      | Reached XP level 4. HP: 4/24 MP: 7/12
  1524 | D:2      | HP: 1/24 [poisoned by an adder]
  1529 | D:2      | HP: 1/24 [poisoned by an adder]
  1535 | D:2      | Succumbed to an adder's poison

Skill      XL: |  1  2  3 |
---------------+----------+-----
Conjurations   | 5 |  5.6
Spellcasting   | 4 |  4.3
Dodging        | |  2.4
Stealth        | |  2.4

Action                   |  1- 3 |  4- 6 || total
-------------------------+-------+-------++-------
Melee: Hand axe          |    12 |       ||    12
       Rapier            |     8 |       ||     8
 Cast: Magic Dart        |    79 |     1 ||    80
Evoke: Deck              |     3 |       ||     3
  Use: Potion            |       |     8 ||     8
 Stab: Sleeping          |     1 |       ||     1
  Eat: Chunk             |     2 |       ||     2
Armor: Robe              |     3 |       ||     3
Dodge: Dodged            |    28 |       ||    28
